 Dungeon Crawl Stone Soup version 0.22-a0-322-g60b3cfd (webtiles) character file.

950 sankara the Magician (level 7, -4/36 HPs)
             Began as a Deep Elf Fire Elementalist on Apr 3, 2018.
             Was a Follower of Sif Muna.
             Shot with an arrow by a centaur (15 damage)
             ... on level 5 of the Dungeon.
             The game lasted 00:20:35 (6002 turns).

sankara the Magician (Deep Elf Fire Elementalist)   Turns: 6002, Time: 00:20:36

Health: -4/36      AC:  3    Str:  5    XL:     7   Next: 90%
Magic:  1/19       EV: 13    Int: 26    God:    Sif Muna [*.....]
Gold:   277        SH:  0    Dex: 15    Spells: 3/19 levels left

rFire    . . .     SeeInvis .   a - +0 dagger (holy)
rCold    . . .     Gourm    .   (no shield)
rNeg     . . .     Faith    .   h - +0 robe
rPois    .         Spirit   .   (no helmet)
rElec    .         Reflect  .   (no cloak)
rCorr    .         Harm     .   (no gloves)
MR       .....                  w - +0 pair of boots (curse)
Stlth    +++.......             (no amulet)
HPRegen  0.12/turn              n - +4 ring of intelligence
MPRegen  0.16/turn              (no ring)

@: very slightly contaminated, no casting
A: no striking features
a: Stop Divine Energy, Renounce Religion


You were on level 5 of the Dungeon.
You worshipped Sif Muna.
Sif Muna was aware of your devotion.
You were very hungry.

You visited 2 branches of the dungeon, and saw 6 of its levels.

You collected 277 gold pieces.

Inventory:

Hand Weapons
 a - a +0 dagger of holy wrath (weapon)
   (You took it off an orc wizard on level 4 of the Dungeon)
 k - a +0 hunting sling of velocity
   (You found it on level 1 of the Dungeon)
 s - a +2 vampiric whip
   (You found it on level 2 of the Dungeon)
 x - a +0 dagger
   (You found it on level 1 of the Dungeon)
Missiles
 d - 114 stones (quivered)
 j - 59 sling bullets
Armour
 h - a +0 robe (worn)
 w - a cursed +0 pair of boots (worn)
   (You found it on level 3 of the Dungeon)
Jewellery
 n - a +4 ring of intelligence (left hand)
   (You found it on level 2 of the Dungeon)
Scrolls
 b - 4 scrolls of identify {unknown}
 e - a scroll of magic mapping {unknown}
 m - a scroll of fog {unknown}
 o - 3 scrolls of teleportation {unknown}
 p - a scroll of blinking {unknown}
 q - a scroll of random uselessness {unknown}
 u - a scroll of amnesia {unknown}
 v - 2 scrolls of enchant weapon {unknown}
Potions
 f - 3 potions of cancellation {unknown}
 g - 2 potions of heal wounds {unknown}
 i - 2 potions of curing
 l - 2 potions of flight {unknown}
 r - a potion of invisibility {unknown}
 t - a potion of degeneration {unknown}
Comestibles
 c - 10 rations
 z - a chunk of flesh {@w0}


   Skills:
 - Level 2.4 Dodging
 - Level 4.0 Stealth
 + Level 6.7 Spellcasting
 + Level 5.7 Conjurations
 + Level 6.6 Fire Magic


You had 3 spell levels left.
You knew the following spells:

 Your Spells              Type           Power        Failure   Level  Hunger
a - Flame Tongue          Conj/Fire      #####        1%          1    None
b - Inner Flame           Hex/Fire       ####....     4%          3    None
c - Conjure Flame         Conj/Fire      #####...     1%          3    None
d - Sticky Flame          Conj/Fire      #####...     4%          4    ###....
f - Fireball              Conj/Fire      #####.....   14%         5    #####..


Dungeon Overview and Level Annotations

Branches:
Dungeon (5/15)             Temple (1/1) D:4

Altars:
Ashenzari
Cheibriados
Dithmenos
Elyvilon
Fedhas
Gozag
Hepliaklqana
Kikubaaqudgha
Makhleb
Nemelex Xobeh
Okawaru
Ru
Sif Muna
Trog
Uskayaw
Wu Jian
Yredelemnul
Zin

Shops:
D:4 :

Annotations:
D:4 exclusion: upstairs
D:5 exclusion: crimson imp


Message History

You open the door.
Found a stone staircase leading down.
There is an open door here.
Some of the chunks of flesh in your inventory have rotted away.
Some of the chunks of flesh in your inventory have rotted away.
You open the door.
There is an open door here.
A necrophage comes into view.
A necrophage is nearby!
An orc comes into view. It is wielding a hand axe.
The orc shouts!
You hear a shout!
Casting: Flame Tongue (safe; 1% risk of failure)
Confirm with . or Enter, or press ? or * to list all spells.
Aiming: Flame Tongue (safe; 1% risk of failure)
Press: ? - help, Shift-Dir - straight line, f - orc
Aim: an orc, wielding a hand axe The flame tongue misses the orc.
The orc hits you with a hand axe.
Casting: Flame Tongue (safe; 1% risk of failure)
Confirm with . or Enter, or press ? or * to list all spells.
Aiming: Conjure Flame (safe; 1% risk of failure)
Press: ? - help, Dir - move target cursor, p - orc The fire ignites!
There is an open door here.
Casting: Conjure Flame (safe; 1% risk of failure)
Confirm with . or Enter, or press ? or * to list all spells.
Aiming: Fireball (quite dangerous; 16% risk of failure)
Press: ? - help, Shift-Dir - straight line, f - orc
Aim: an orc, wielding a hand axe The fireball explodes!
The fireball engulfs the orc.
You kill the orc!
Sif Muna accepts your kill.
The fireball engulfs the necrophage.
The necrophage is severely damaged.
You are feeling hungry.
Casting: Fireball (quite dangerous; 16% risk of failure)
Confirm with . or Enter, or press ? or * to list all spells.
Aiming: Flame Tongue (safe; 1% risk of failure)
Press: ? - help, Shift-Dir - straight line, f - necrophage
Aim: a necrophage (severely damaged)
The flame tongue hits the necrophage.
You destroy the necrophage!
Sif Muna accepts your kill.
Casting: Flame Tongue (safe; 1% risk of failure)
Confirm with . or Enter, or press ? or * to list all spells.
You can't see any susceptible monsters within range! (Use Z to cast anyway.)
Casting: Flame Tongue (safe; 1% risk of failure)
Confirm with . or Enter, or press ? or * to list all spells.
You can't see any susceptible monsters within range! (Use Z to cast anyway.) Unknown command.
Unknown command.
The crimson imp blinks!
As you open the door, it creaks loudly!
You hear a shout!
A centaur comes into view.
There is an open door here.
You close the door.
A centaur opens the door.
Casting: Flame Tongue (safe; 1% risk of failure)
Confirm with . or Enter, or press ? or * to list all spells.
Aiming: Flame Tongue (safe; 1% risk of failure)
Press: ? - help, Shift-Dir - straight line, f - centaur
Aim: a centaur
Okay, then.
Casting: Flame Tongue (safe; 1% risk of failure)
Confirm with . or Enter, or press ? or * to list all spells.
Aiming: Fireball (slightly dangerous; 14% risk of failure)
Press: ? - help, Shift-Dir - straight line, f - centaur
Aim: a centaur The fireball explodes!
The fireball engulfs the centaur.
The centaur is moderately wounded.
The centaur wields a shortbow.
The centaur shoots an arrow.
The arrow hits you!
Casting: Fireball (slightly dangerous; 14% risk of failure)
Confirm with . or Enter, or press ? or * to list all spells.
Aiming: Fireball (slightly dangerous; 14% risk of failure)
Press: ? - help, Shift-Dir - straight line, f/p - centaur
Aim: a centaur, wielding a shortbow (moderately wounded)
You miscast Fireball.
You are very lightly contaminated with residual magic.
Your skin tingles.
You are feeling very hungry.
Casting: Fireball (slightly dangerous; 14% risk of failure)
Confirm with . or Enter, or press ? or * to list all spells.
Aiming: Fireball (slightly dangerous; 14% risk of failure)
Press: ? - help, Shift-Dir - straight line, f/p - centaur
Aim: a centaur, wielding a shortbow (moderately wounded)
The fireball explodes!
The fireball engulfs the centaur.
The centaur is severely wounded.
Sif Muna grants you divine energy.
You briefly lose access to your magic!
The centaur shoots an arrow.
The arrow hits you.
You are unable to access your magic!
Throwing (i - inventory)
d - 114 stones (quivered)
Press: ? - help, Shift-Dir - straight line, f/p - centaur
Aim: a centaur, wielding a shortbow (severely wounded)
Okay, then.
The centaur shoots an arrow.
The arrow hits you.
The centaur shoots an arrow.
The arrow hits you!
* * * LOW HITPOINT WARNING * * *
You see here 2 arrows.
The centaur shoots an arrow.
The arrow hits you!
You die...

#..###......### ... #..#
#####.## #.# ##.## #..# #.#
#..#######.## #.#
#...........# #.#
#..######<#.# #.#
#..###.##.#.######.####
#...#...#.#..##.......#
#.......>.....@.......##
#.......#.##.##.#c.....#######
#..#.#######.#####(#.........#
# #....# #.# #.#...#####.#
###.##.# #.# #.##### ###.##
..#.##.+ +.# ##5## #.....
..#.#### ### ##...## #.#.##
....# ##.....## #.#.## ....#
##### ##.......## #.#...


You could see a centaur.

Vanquished Creatures
  The ghost of Amnesiac the Gusty, an amateur VSAE (D:4)
  An ice beast (D:5)
  A phantom (D:4)
  A necrophage (D:5)
  An ogre (D:5)
  A scorpion (D:5)
  A jelly (D:5)
  2 hounds
  3 orc wizards
  An iguana (D:5)
  2 worker ants
  A hound skeleton (D:4)
  3 gnolls (D:3)
  7 adders
  2 oozes (D:5)
  3 worms
  A dart slug (D:5)
  4 leopard geckos
  14 orcs
  6 bats
  3 giant cockroaches
  5 goblins
  4 hobgoblins
  2 jackals (D:3)
  7 kobolds
  A quokka (D:4)
  4 frilled lizards
  2 rats (D:1)
84 creatures vanquished.

Notes
Turn   | Place    | Note
-------+----------+-------------------------------------------
     0 | D:1      | sankara the Deep Elf Fire Elementalist began the quest for the Orb.
     0 | D:1      | Reached XP level 1. HP: 10/10 MP: 6/6
   287 | D:1      | Found a snail-covered altar of Cheibriados.
   597 | D:1      | Reached XP level 2. HP: 15/15 MP: 6/8
  1035 | D:2      | Found a blossoming altar of Fedhas.
  1095 | D:2      | Reached skill level 2 in Conjurations
  1213 | D:2      | Found a shadowy altar of Dithmenos.
  1288 | D:2      | Reached XP level 3. HP: 19/19 MP: 7/9
  1317 | D:2      | Learned a level 3 spell: Conjure Flame
  1321 | D:2      | Learned a level 3 spell: Inner Flame
  2049 | D:2      | Reached skill level 3 in Stealth
  2154 | D:3      | Reached skill level 4 in Fire Magic
  2264 | D:3      | Found a hide-covered altar of Uskayaw.
  2267 | D:3      | Found a sacrificial altar of Ru.
  2395 | D:3      | Reached XP level 4. HP: 24/24 MP: 6/11
  2406 | D:3      | Found an iron altar of Okawaru.
  2876 | D:3      | Reached skill level 3 in Conjurations
  3299 | D:3      | Reached skill level 4 in Spellcasting
  3600 | D:3      | Found a glowing silver altar of Zin.
  3769 | D:4      | Reached XP level 5. HP: 28/28 MP: 8/13
  3785 | D:3      | Learned a level 4 spell: Sticky Flame
  3867 | D:4      | Noticed a phantom
  4079 | D:4      | Killed a phantom
  4079 | D:4      | Reached skill level 5 in Fire Magic
  4177 | D:4      | Found a white marble altar of Elyvilon.
  4213 | D:4      | Noticed Amnesiac's ghost (amateur VSAE)
  4261 | D:4      | Reached XP level 6. HP: 32/32 MP: 9/14
  4296 | D:4      | Found a staircase to the Ecumenical Temple.
  4301 | Temple   | Entered the Ecumenical Temple
  4381 | Temple   | Became a worshipper of Sif Muna the Loreminder
  4436 | D:4      | Reached skill level 4 in Stealth
  4553 | D:4      | Found Piosiddonk's Book Boutique.
  4725 | D:4      | Reached skill level 4 in Conjurations
  4726 | D:4      | HP: 7/32 [hound (4)]
  4734 | D:3      | HP: 4/32 [hound (3)]
  5038 | D:4      | Killed Amnesiac's ghost
  5038 | D:4      | Reached skill level 5 in Spellcasting
  5312 | D:5      | Entered Level 5 of the Dungeon
  5386 | D:5      | Found a shattered altar of Ashenzari.
  5419 | D:5      | Reached XP level 7. HP: 36/36 MP: 12/17
  5486 | D:5      | Learned a level 5 spell: Fireball
  5489 | D:5      | Reached * piety under Sif Muna
  5489 | D:5      | Reached skill level 5 in Conjurations
  5489 | D:5      | Reached skill level 6 in Fire Magic
  5630 | D:5      | Reached skill level 6 in Spellcasting
  6002 | D:5      | Shot with an arrow by a centaur

Vault maps used:
D:1:      minmay_arrival_three_doors, cheibriados_altar_1
D:2:      minmay_wonky_spiral, fedhas_altar_3, nicolae_dithmenos_shadow_blocks,
          serial_co_window_serial, co_window_corner_a, co_window_paths_b,
          co_window_paths_b, co_window_paths_b, co_window_paths_b,
          co_window_paths_b, co_window_paths_a, co_window_corner_b,
          co_window_of_opportunity_b, co_window_corner_b, co_window_broadway_a,
          co_window_broadway_b, co_window_4corner_a, glass_columns_c
D:3:      zin_scriptorium, lemuel_coloured_pillars_altar,
          nicolae_overflow_hidden_temple, serial_co_window_serial,
          co_window_corner_a, co_window_cross_1, co_window_of_opportunity_a,
          co_window_corner_a, co_window_cross_1, co_window_paths_a,
          co_window_corner_a, co_window_broadway_c, co_window_broadway_a,
          co_window_paths_c, glass_columns_b, glass_columns_a, glass_columns_b
D:4:      elyvilon_altar_1, temple_statues, serial_shops, nicolae_shop_trees,
          first_ration
D:5:      kennysheep_little_box, ashenzari_conservatory_becter,
          nemelex_dance_club_becter
Temple:   cyrus_temple_forest

Skill      XL: |  1  2  3  4  5  6  7 |
---------------+----------------------+-----
Conjurations   | 2 3 4 5 |  5.7
Stealth        | 3 4 |  4.0
Fire Magic     | 4 5 6 |  6.6
Spellcasting   | 4 5 6 |  6.7
Dodging        | |  2.4

Action                   |  1- 3 |  4- 6 |  7- 9 || total
-------------------------+-------+-------+-------++-------
Melee: Dagger            |     2 |     5 |       ||     7
 Cast: Flame Tongue      |    66 |   113 |    30 ||   209
       Conjure Flame     |       |     5 |     4 ||     9
       Inner Flame       |       |     1 |       ||     1
       Fireball          |       |       |     7 ||     7
Invok: Divine Energy     |       |       |     1 ||     1
  Use: Potion            |       |     1 |       ||     1
 Stab: Sleeping          |     2 |     1 |       ||     3
  Eat: Chunk             |     4 |    10 |     2 ||    16
Armor: Robe              |     2 |     5 |     1 ||     8
Dodge: Dodged            |    19 |    29 |     2 ||    50

Table legend:
 A = Spawn XP
 B = Non-spawn XP
 C = Spawn XP percentage of total XP
 D = Spawn monster count
 E = Non-spawn monster count
 F = Spawn count percentage of total count
 G = Total turns spent on level
                    A         B        C        D         E        F      G
               +---------+---------+-------+---------+---------+-------+---------
         Total |       0 |    1358 |   0.0 |       0 |      84 |   0.0 |  6002
               +---------+---------+-------+---------+---------+-------+---------
           D:1 |       0 |      14 |   0.0 |       0 |      10 |   0.0 |   740
           D:2 |       0 |      56 |   0.0 |       0 |      14 |   0.0 |  1401
           D:3 |       0 |     156 |   0.0 |       0 |      22 |   0.0 |  2017
           D:4 |       0 |     402 |   0.0 |       0 |      18 |   0.0 |  1034
           D:5 |       0 |     730 |   0.0 |       0 |      20 |   0.0 |   690
               +---------+---------+-------+---------+---------+-------+---------

Vault maps used:
D:1:      minmay_arrival_three_doors, cheibriados_altar_1
D:2:      minmay_wonky_spiral, fedhas_altar_3, nicolae_dithmenos_shadow_blocks,
          serial_co_window_serial, co_window_corner_a, co_window_paths_b,
          co_window_paths_b, co_window_paths_b, co_window_paths_b,
          co_window_paths_b, co_window_paths_a, co_window_corner_b,
          co_window_of_opportunity_b, co_window_corner_b, co_window_broadway_a,
          co_window_broadway_b, co_window_4corner_a, glass_columns_c
D:3:      zin_scriptorium, lemuel_coloured_pillars_altar,
          nicolae_overflow_hidden_temple, serial_co_window_serial,
          co_window_corner_a, co_window_cross_1, co_window_of_opportunity_a,
          co_window_corner_a, co_window_cross_1, co_window_paths_a,
          co_window_corner_a, co_window_broadway_c, co_window_broadway_a,
          co_window_paths_c, glass_columns_b, glass_columns_a, glass_columns_b
D:4:      elyvilon_altar_1, temple_statues, serial_shops, nicolae_shop_trees,
          first_ration
D:5:      kennysheep_little_box, ashenzari_conservatory_becter,
          nemelex_dance_club_becter
Temple:   cyrus_temple_forest

Table legend:
 A = Turns spent in this place as a percentage of turns spent in the entire game.
 B = Non-inter-level travel turns spent in this place as a percentage of non-inter-level travel turns spent in the entire game.
 C = Inter-level travel turns spent in this place as a percentage of turns spent in this place.
 D = Turns resting spent in this place as a percentage of non-inter-level travel turns spent in this place.
 E = Turns spent auto-exploring this place as a percentage of non-inter-level travel turns spent in this place.
 F = Non-inter-level travel turns spent in this place divided by the number of levels of this place that you've seen.
                   A       B       C       D       E      F
               +-------+-------+-------+-------+-------+----------------------
         Total | 100.0 | 100.0 |   3.8 |  34.7 |  47.2 | 962.0
       Dungeon |  98.0 |  98.6 |   3.2 |  35.2 |  46.9 | 1138.2
        Temple |   2.0 |   1.4 |  32.5 |   0.0 |  72.8 |  81.0
               +-------+-------+-------+-------+-------+----------------------

Table legend:
 A = Kills in this place as a percentage of kills in entire the game.
 B = Kills by you in this place as a percentage of kills by you in the entire game.
 C = Kills by friends in this place as a percentage of kills by friends in the entire game.
 D = Other kills in this place as a percentage of other kills in the entire game.
 E = Experience gained in this place as a percentage of experience gained in the entire game.
 F = Experience gained in this place divided by the number of levels of this place that you have seen.
                   A       B       C       D       E      F
               +-------+-------+-------+-------+-------+----------------------
         Total | 100.0 | 100.0 |   N/A |   N/A | 100.0 | 226.3
       Dungeon | 100.0 | 100.0 |   N/A |   N/A | 100.0 | 271.6
               +-------+-------+-------+-------+-------+----------------------
